| TOP OF THE 1ST |
|
Oakland Athletics batting - Pitching for Montreal Expos : RHP Jon Lieber
|
|
Pitching: RHP Jon Lieber
|
|
|
Batting: RHB Rickey Henderson
|
0-0: Foul Ball, location: 2F 0-1: Ball 1-1: Foul Ball, location: 2F 1-2: Ball 2-2: SINGLE (Flyball, 8LS, EV 91.9 MPH)
|
|
Batting: LHB John Olerud
|
0-0: Ball Rickey Henderson is caught stealing 2nd base 2-6 1-0: Foul Ball, location: 2F 1-1: Foul Ball, location: 2F 1-2: Strikes out swinging
|
|
Batting: RHB Jay Buhner
|
0-0: Called Strike 0-1: Foul Ball, location: 2F 0-2: Ball 1-2: SINGLE (Line Drive, 9S, EV 92.5 MPH)
|
|
Batting: LHB David Justice
|
0-0: Ball 1-0: Ball 2-0: Ball 3-0: Called Strike 3-1: Base on Balls Jay Buhner to second
|
|
Batting: SHB Geronimo Pena
|
0-0: Fly out, F5 (Popup, 5S, EV 76.3 MPH)
|
| Top of the 1st over - 0 runs, 2 hits, 0 errors, 2 left on base; Oakland 0 - Montreal 0 |
| BOTTOM OF THE 1ST |
|
Montreal Expos batting - Pitching for Oakland Athletics : LHP Jamie Moyer
|
|
Pitching: LHP Jamie Moyer
|
|
|
Batting: SHB Ricky Otero
|
0-0: Ball 1-0: Foul Ball, location: 2F 1-1: Called Strike 1-2: Ball 2-2: Ball 3-2: Base on Balls
|
|
Batting: SHB Gregg Jefferies
|
0-0: Called Strike 0-1: Ball 1-1: Ball 2-1: Fielders Choice at 2nd, 1-4 (Groundball, 15S, EV 65.0 MPH)
|
|
Batting: RHB Matt Williams
|
0-0: Called Strike Gregg Jefferies steals 2nd base 0-1: Ball 1-1: Foul Ball, location: 2F 1-2: Ball 2-2: Strikes out swinging
|
|
Batting: RHB Raul Mondesi
|
0-0: Ball 1-0: SINGLE (Line Drive, 89S, EV 106.3 MPH) Gregg Jefferies to third Runner from 3rd tries for Home, SAFE, throw by RF to home Raul Mondesi to second
|
|
Batting: RHB Jeff Kent
|
0-0: Called Strike 0-1: Ball 1-1: Foul Ball, location: 2F 1-2: Ball 2-2: Foul Ball, location: 2F 2-2: Foul Ball, location: 2F 2-2: Ball 3-2: Strikes out swinging
|
| Bottom of the 1st over - 1 run, 1 hit, 0 errors, 1 left on base; Oakland 0 - Montreal 1 |
| TOP OF THE 2ND |
|
Oakland Athletics batting - Pitching for Montreal Expos : RHP Jon Lieber
|
|
Batting: RHB Benito Santiago
|
0-0: Ball 1-0: Swinging Strike 1-1: Called Strike 1-2: Ground out 6-3 (Groundball, 6, EV 94.4 MPH)
|
|
Batting: RHB Herbert Perry
|
0-0: Called Strike 0-1: Ball 1-1: Ground out 6-3 (Groundball, 6, EV 89.4 MPH)
|
|
Batting: SHB Devon White
|
0-0: Called Strike 0-1: SINGLE (Line Drive, 56D, EV 95.0 MPH)
|
|
Batting: RHB Greg Litton
|
0-0: Called Strike 0-1: Ball Devon White is caught stealing 2nd base 2-4
|
| Top of the 2nd over - 0 runs, 1 hit, 0 errors, 0 left on base; Oakland 0 - Montreal 1 |
| BOTTOM OF THE 2ND |
|
Montreal Expos batting - Pitching for Oakland Athletics : LHP Jamie Moyer
|
|
Batting: RHB Mike Sweeney
|
0-0: Ball 1-0: Ball 2-0: Called Strike 2-1: Foul Ball, location: 2F 2-2: Fly out, F9 (Flyball, 9D, EV 76.9 MPH)
|
|
Batting: RHB John Jaha
|
0-0: Called Strike 0-1: Called Strike 0-2: Ball 1-2: Foul Ball, location: 2F 1-2: Strikes out swinging, 2-3 out at first.
|
|
Batting: RHB Leo Gomez
|
0-0: Swinging Strike 0-1: Ball 1-1: Ball 2-1: Fly out, F9 (Flyball, 9LS, EV 81.9 MPH)
|
| Bottom of the 2nd over - 0 runs, 0 hits, 0 errors, 0 left on base; Oakland 0 - Montreal 1 |
| TOP OF THE 3RD |
|
Oakland Athletics batting - Pitching for Montreal Expos : RHP Jon Lieber
|
|
Batting: RHB Greg Litton
|
0-0: Swinging Strike 0-1: Ball 1-1: Foul Ball, location: 2F 1-2: Ground out U3 (Groundball, 34S, EV 89.4 MPH)
|
|
Batting: RHB Rickey Henderson
|
0-0: Ball 1-0: Called Strike 1-1: Foul Ball, location: 2F 1-2: Ball 2-2: Foul Ball, location: 2F 2-2: Strikes out swinging
|
|
Batting: LHB John Olerud
|
0-0: Ball 1-0: Foul Ball, location: 2F 1-1: Foul Ball, location: 2F 1-2: Foul Ball, location: 2F 1-2: DOUBLE (Line Drive, 9LS, EV 98.8 MPH)
|
|
Batting: RHB Jay Buhner
|
0-0: Ball 1-0: Called Strike 1-1: Foul Ball, location: 2F 1-2: Foul Ball, location: 2F 1-2: Strikes out swinging
|
| Top of the 3rd over - 0 runs, 1 hit, 0 errors, 1 left on base; Oakland 0 - Montreal 1 |
| BOTTOM OF THE 3RD |
|
Montreal Expos batting - Pitching for Oakland Athletics : LHP Jamie Moyer
|
|
Batting: RHB Jose Hernandez
|
0-0: Ball 1-0: Ball 2-0: Ball 3-0: Called Strike 3-1: Ground out 1-3 (Groundball, 15S, EV 70.0 MPH)
|
|
Batting: SHB Ricky Otero
|
0-0: Ball 1-0: Ground out 6-3 (Groundball, 4M, EV 91.9 MPH)
|
|
Batting: SHB Gregg Jefferies
|
0-0: Ball 1-0: Ball 2-0: Ball 3-0: Base on Balls
|
|
Batting: RHB Matt Williams
|
0-0: Ball 1-0: Ball 2-0: Ball 3-0: Called Strike 3-1: Foul Ball, location: 2F 3-2: Strikes out swinging
|
| Bottom of the 3rd over - 0 runs, 0 hits, 0 errors, 1 left on base; Oakland 0 - Montreal 1 |
| TOP OF THE 4TH |
|
Oakland Athletics batting - Pitching for Montreal Expos : RHP Jon Lieber
|
|
Batting: LHB David Justice
|
0-0: Called Strike 0-1: Ball 1-1: Swinging Strike 1-2: Foul Ball, location: 2F 1-2: SINGLE (Line Drive, 9S, EV 107.5 MPH)
|
|
Pitching: LHP Kent Mercker
|
|
|
Batting: SHB Geronimo Pena
|
0-0: Ball 1-0: Ball 2-0: Ball 3-0: Base on Balls David Justice to second
|
|
Batting: RHB Benito Santiago
|
0-0: Called Strike 0-1: Ball 1-1: Swinging Strike 1-2: Ball 2-2: Strikes out looking
|
|
Batting: RHB Herbert Perry
|
0-0: Ball 1-0: Ball 2-0: Foul Ball, location: 2F 2-1: Ball 3-1: Foul Ball, location: 2F 3-2: Foul Ball, location: 2F 3-2: SINGLE (Groundball, 56D, EV 93.8 MPH) David Justice to third Geronimo Pena to second Runner from 3rd tries for Home, SAFE, throw by LF to home
|
|
Batting: SHB Devon White
|
0-0: Ball 1-0: Ball 2-0: Called Strike 2-1: Ball 3-1: Called Strike 3-2: Foul Ball, location: 2F 3-2: Foul Ball, location: 2F 3-2: Strikes out swinging
|
|
Batting: RHB Greg Litton
|
0-0: Ground out U3 (Groundball, 34, EV 83.1 MPH)
|
| Top of the 4th over - 1 run, 2 hits, 0 errors, 2 left on base; Oakland 1 - Montreal 1 |
| BOTTOM OF THE 4TH |
|
Montreal Expos batting - Pitching for Oakland Athletics : LHP Jamie Moyer
|
|
Batting: RHB Raul Mondesi
|
0-0: Ball 1-0: Ball 2-0: SINGLE (Groundball, 56D, EV 95.0 MPH)
|
|
Batting: RHB Jeff Kent
|
0-0: Ball 1-0: Fielders Choice at 2nd, 1-6 (Groundball, 34S, EV 72.5 MPH)
|
|
Batting: RHB Mike Sweeney
|
0-0: Ball 1-0: Ball 2-0: Foul Ball, location: 2F 2-1: Foul Ball, location: 2F 2-2: Fly out, F9 (Flyball, 89S, EV 90.0 MPH)
|
|
Batting: RHB John Jaha
|
0-0: Ball 1-0: Called Strike 1-1: Foul Ball, location: 2F 1-2: Fielders Choice at 2nd, 5-4 (Groundball, 56, EV 91.3 MPH)
|
| Bottom of the 4th over - 0 runs, 1 hit, 0 errors, 1 left on base; Oakland 1 - Montreal 1 |
| TOP OF THE 5TH |
|
Oakland Athletics batting - Pitching for Montreal Expos : LHP Kent Mercker
|
|
Batting: RHB Rickey Henderson
|
0-0: Ball 1-0: Called Strike 1-1: Called Strike 1-2: Strikes out swinging
|
|
Batting: LHB John Olerud
|
0-0: Ball 1-0: Called Strike 1-1: Swinging Strike 1-2: Strikes out looking
|
|
Batting: RHB Jay Buhner
|
0-0: Swinging Strike 0-1: Foul Ball, location: 2F 0-2: Foul Ball, location: 2F 0-2: Strikes out looking
|
| Top of the 5th over - 0 runs, 0 hits, 0 errors, 0 left on base; Oakland 1 - Montreal 1 |
| BOTTOM OF THE 5TH |
|
Montreal Expos batting - Pitching for Oakland Athletics : LHP Jamie Moyer
|
|
Batting: RHB Leo Gomez
|
0-0: Ground out 1-3 (Groundball, 23, EV 83.8 MPH)
|
|
Batting: RHB Jose Hernandez
|
0-0: Called Strike 0-1: Ball 1-1: Called Strike 1-2: SOLO HOME RUN (Flyball, 78XD, EV 91.9 MPH), Distance : 404 ft
|
|
Batting: SHB Ricky Otero
|
0-0: Ball 1-0: Ball 2-0: Called Strike 2-1: Foul Ball, location: 2F 2-2: Foul Ball, location: 2F 2-2: SINGLE (Groundball, 6MD, EV 101.3 MPH)
|
|
Batting: SHB Gregg Jefferies
|
0-0: Ball 1-0: Ball 2-0: Swinging Strike Ricky Otero is caught stealing 2nd base 2-4 2-1: Ball 3-1: Fly out, F8 (Line Drive, 8LD, EV 100.6 MPH)
|
| Bottom of the 5th over - 1 run, 2 hits, 0 errors, 0 left on base; Oakland 1 - Montreal 2 |
| TOP OF THE 6TH |
|
Oakland Athletics batting - Pitching for Montreal Expos : LHP Kent Mercker
|
|
Batting: LHB David Justice
|
0-0: Ball 1-0: Fly out, F9 (Flyball, 9LM, EV 100.6 MPH)
|
|
Batting: SHB Geronimo Pena
|
0-0: Fly out, F9 (Flyball, 9, EV 95.0 MPH)
|
|
Batting: RHB Benito Santiago
|
0-0: Called Strike 0-1: Called Strike 0-2: Ball 1-2: Ball 2-2: Ball 3-2: Base on Balls
|
|
Batting: RHB Herbert Perry
|
Pickoff Throw to First - Out! 1-3
|
| Top of the 6th over - 0 runs, 0 hits, 0 errors, 0 left on base; Oakland 1 - Montreal 2 |
| BOTTOM OF THE 6TH |
|
Montreal Expos batting - Pitching for Oakland Athletics : LHP Jamie Moyer
|
|
Batting: RHB Matt Williams
|
0-0: Called Strike 0-1: Fly out, F3 (Popup, 3SF, EV 79.4 MPH)
|
|
Batting: RHB Raul Mondesi
|
0-0: Fly out, F8 (Flyball, 8RXD, EV 89.4 MPH)
|
|
Batting: RHB Jeff Kent
|
0-0: Called Strike 0-1: Ball 1-1: Foul Ball, location: 2F 1-2: Foul Ball, location: 2F 1-2: Ball 2-2: Foul Ball, location: 2F 2-2: Ball 3-2: Foul Ball, location: 2F 3-2: SINGLE (Flyball, 4D, EV 91.3 MPH)
|
|
Batting: RHB Mike Sweeney
|
0-0: Called Strike 0-1: Foul Ball, location: 2F 0-2: Ball 1-2: Ball 2-2: Fielders Choice at 2nd, 6-4 (Groundball, 56, EV 106.3 MPH)
|
| Bottom of the 6th over - 0 runs, 1 hit, 0 errors, 1 left on base; Oakland 1 - Montreal 2 |
| TOP OF THE 7TH |
|
Oakland Athletics batting - Pitching for Montreal Expos : LHP Kent Mercker
|
|
Batting: RHB Herbert Perry
|
0-0: Swinging Strike 0-1: Ground out 4-3 (Groundball, 4, EV 96.3 MPH)
|
|
Batting: SHB Devon White
|
0-0: Ball 1-0: Ground out 5-3 (Groundball, 56S, EV 88.1 MPH)
|
|
Batting: RHB Greg Litton
|
0-0: Called Strike 0-1: Ball 1-1: Foul Ball, location: 2F 1-2: Strikes out swinging
|
| Top of the 7th over - 0 runs, 0 hits, 0 errors, 0 left on base; Oakland 1 - Montreal 2 |
| BOTTOM OF THE 7TH |
|
Montreal Expos batting - Pitching for Oakland Athletics : LHP Jamie Moyer
|
|
Pitching: RHP Todd Van Poppel
|
|
|
Batting: RHB John Jaha
|
0-0: Called Strike 0-1: Called Strike 0-2: Strikes out looking
|
|
Batting: RHB Leo Gomez
|
0-0: Called Strike 0-1: SINGLE (Line Drive, 56, EV 100.6 MPH)
|
|
Batting: RHB Jose Hernandez
|
0-0: Called Strike 0-1: Foul Ball, location: 2F 0-2: Fly out, F4 (Popup, 4, EV 55.0 MPH)
|
|
Batting: SHB Ricky Otero
|
0-0: Called Strike 0-1: Ball 1-1: Ball 2-1: Called Strike 2-2: Ball 3-2: Foul Ball, location: 2F 3-2: Strikes out swinging
|
| Bottom of the 7th over - 0 runs, 1 hit, 0 errors, 1 left on base; Oakland 1 - Montreal 2 |
| TOP OF THE 8TH |
|
Oakland Athletics batting - Pitching for Montreal Expos : LHP Kent Mercker
|
|
Pitching: RHP Ed Correa
|
|
|
Batting: RHB Rickey Henderson
|
0-0: Called Strike 0-1: Foul Ball, location: 2F 0-2: Foul Ball, location: 2F 0-2: Foul Ball, location: 2F 0-2: Ball 1-2: Ball 2-2: Foul Ball, location: 2F 2-2: Ball 3-2: Strikes out swinging
|
|
Batting: LHB John Olerud
|
0-0: Swinging Strike 0-1: Ball 1-1: Ball 2-1: Ball 3-1: Foul Ball, location: 2F 3-2: Foul Ball, location: 2F 3-2: Base on Balls
|
|
Batting: RHB Jay Buhner
|
0-0: Ball 1-0: Ball 2-0: Ball 3-0: Base on Balls John Olerud to second
|
|
Batting: LHB David Justice
|
0-0: Ball 1-0: Ball 2-0: Grounds into double play, 4-6-3 (Groundball, 4, EV 82.5 MPH)
|
| Top of the 8th over - 0 runs, 0 hits, 0 errors, 1 left on base; Oakland 1 - Montreal 2 |
| BOTTOM OF THE 8TH |
|
Montreal Expos batting - Pitching for Oakland Athletics : RHP Todd Van Poppel
|
|
Batting: SHB Gregg Jefferies
|
0-0: Foul Ball, location: 2F 0-1: Called Strike 0-2: Ball 1-2: Fly out, F7 (Flyball, 7S, EV 94.4 MPH)
|
|
Batting: RHB Matt Williams
|
0-0: Ball 1-0: Fly out, F8 (Line Drive, 8LD, EV 103.1 MPH)
|
|
Batting: RHB Raul Mondesi
|
0-0: Ball 1-0: Swinging Strike 1-1: Swinging Strike 1-2: Ball 2-2: Ball 3-2: Strikes out looking
|
| Bottom of the 8th over - 0 runs, 0 hits, 0 errors, 0 left on base; Oakland 1 - Montreal 2 |
| TOP OF THE 9TH |
|
Oakland Athletics batting - Pitching for Montreal Expos : RHP Ed Correa
|
|
Batting: SHB Geronimo Pena
|
0-0: Ball 1-0: Ball 2-0: DOUBLE (Line Drive, 9LD, EV 100.6 MPH)
|
|
Batting: RHB Benito Santiago
|
0-0: Ball 1-0: Foul Ball, location: 2F 1-1: Called Strike 1-2: Strikes out swinging
|
|
Pitching: LHP Mike Jeffcoat
|
|
|
Batting: RHB Herbert Perry
|
0-0: Called Strike 0-1: Swinging Strike 0-2: Ball 1-2: Foul Ball, location: 2F 1-2: Strikes out swinging
|
|
Batting: SHB Devon White
|
0-0: Ball 1-0: Ball 2-0: Ball 3-0: Called Strike 3-1: Ground out 5-3 (Groundball, 56S, EV 66.9 MPH)
|
| Top of the 9th over - 0 runs, 1 hit, 0 errors, 1 left on base; Oakland 1 - Montreal 2 |
|